 Dungeon Crawl Stone Soup version 0.27-a0-1548-gf8a67e7463 (webtiles) character file.

Game seed: 14944120983561209923

26069 Lemonice the Covert (level 13, -24/98 (104) HPs)
             Began as a Gnoll Delver on July 14, 2021.
             Was an Elder of Ru.
             Killed from afar by Azrael (40 damage)
             ... with damnation
             ... on level 2 of the Orcish Mines.
             The game lasted 00:47:53 (17812 turns).

Lemonice the Covert (Gnoll Delver)                 Turns: 17812, Time: 00:47:56

HP:   -24/98 (104)  AC: 17    Str: 17    XL:     13   Next: 23%
MP:   25/25         EV: 16    Int: 11    God:    Ru [****..]
Gold: 950           SH:  0    Dex: 18    Spells: 22/28 levels left

rFire    . . .     SeeInvis +   i - +3 demon blade (freeze)
rCold    . . .     Faith    .   (no shield)
rNeg     + . .     Spirit   .   I - +7 ring mail of Sehimia {Contam rPois rCorr}
rPois    +         Reflect  .   J - +2 hat {Will+}
rElec    .         Harm     .   (no cloak)
rCorr    +         Rampage  .   C - +0 pair of gloves
Will     +....     Rnd*Rage +   (no boots)
Stlth    +++++.....             s - amulet of regeneration
HPRegen  1.26/turn              t - ring of positive energy
MPRegen  0.19/turn              K - ring "Roukh" {rCorr Dex+6 SInv}

@: exhausted, very slightly contaminated, drained, invisible
A: fangs 1, no potion heal 1, inability to use devices, no fire magic, no
summoning magic, no transmutations magic, strong nose, distributed training,
berserk 1, clumsy 1, strong 1
a: Renounce Religion, Draw Out Power, Power Leap


You were on level 2 of the Orcish Mines.
You worshipped Ru.
Ru was greatly pleased with you.
You visited 4 branches of the dungeon, and saw 17 of its levels.
You also visited: Ossuary.

You collected 1368 gold pieces.
You spent 418 gold pieces at shops.

Inventory:

Hand Weapons
 a - a +0 falchion
 d - a +5 trident of freezing
 i - a +3 demon blade of freezing (weapon)
 F - the +9 long sword of Callousness {drain, Contam rPois Str+2 Dex+3}
   (You found it on level 10 of the Dungeon)

   A truly terrible weapon, it drains the life of those it strikes.
   Str:       It affects your strength (+2).
   Dex:       It affects your dexterity (+3).
   rPois:     It protects you from poison.
   Contam:    It causes magical contamination when unequipped.
Missiles
 E - a curare-tipped dart (quivered)
 G - 4 throwing nets
Armour
 b - a +0 leather armour
 v - a +0 helmet
 z - the +4 chain mail "Rimak" {Dex+2}
   (You found it on level 10 of the Dungeon)

   Dex:       It affects your dexterity (+2).
 C - a +0 pair of gloves (worn)
 D - +0 steam dragon scales
 H - a +2 scale mail of fire resistance
 I - the +7 ring mail of Sehimia (worn) {Contam rPois rCorr}
   (You found it on level 8 of the Dungeon)

   rPois:     It protects you from poison.
   Contam:    It causes magical contamination when unequipped.
   rCorr:     It protects you from acid and corrosion.
 J - a +2 hat of willpower (worn)
 O - +0 shadow dragon scales
Jewellery
 q - an amulet of reflection
 s - an amulet of regeneration (around neck)
 t - a ring of positive energy (left hand)
 y - a +6 ring of dexterity
 K - the ring "Roukh" (right hand) {rCorr Dex+6 SInv}
   (You found it on level 11 of the Dungeon)

   [ring of dexterity]

   Dex:       It affects your dexterity (+6).
   SInv:      It lets you see invisible.
   rCorr:     It protects you from acid and corrosion.
Scrolls
 c - 3 scrolls of fog
 e - 4 scrolls of fear
 f - a scroll of brand weapon
 h - 3 scrolls of holy word
 l - 2 scrolls of silence
 p - 7 scrolls of amnesia
 w - 5 scrolls of magic mapping
 x - a scroll of torment {unknown}
 A - 3 scrolls of teleportation
 B - 2 scrolls of blinking
 L - 3 scrolls of immolation
Potions
 g - 4 potions of magic
 j - 3 potions of attraction
 k - 2 potions of curing
 n - 5 potions of flight
 o - 2 potions of lignification
 r - 2 potions of mutation
 u - 4 potions of invisibility
 M - a potion of brilliance
 N - 2 potions of heal wounds


   Skills:
 + Level 10.4 Fighting
 + Level 8.1 Short Blades
 + Level 9.3 Long Blades
 + Level 8.1 Axes
 + Level 8.1 Maces & Flails
 + Level 8.1 Polearms
 + Level 8.1 Staves
 + Level 8.1 Slings
 + Level 8.1 Bows
 + Level 8.1 Crossbows
 + Level 8.1 Throwing
 + Level 8.1 Armour
 + Level 9.3 Dodging
 + Level 12.2 Stealth
 + Level 8.1 Shields
 + Level 8.1 Unarmed Combat
 + Level 8.1 Spellcasting
 + Level 6.7 Conjurations
 + Level 6.7 Hexes
   Level 0.0 Summonings
 + Level 6.7 Necromancy
 + Level 6.7 Translocations
   Level 0.0 Transmutations
   Level 0.0 Fire Magic
 + Level 6.7 Ice Magic
 + Level 6.7 Air Magic
 + Level 6.7 Earth Magic
 + Level 6.7 Poison Magic
 + Level 8.9 Invocations
   Level 0.0 Evocations


You had 22 spell levels left.
You knew the following spells:

 Your Spells              Type           Power      Damage    Failure   Level
a - Tukima's Dance        Hex            19%        N/A       4%          3
b - Teleport Other        Tloc           19%        N/A       4%          3

Your spell library contained the following spells:

 Spells                   Type           Power      Damage    Failure   Level
 Apportation              Tloc           38%        N/A       1%          1
 Static Discharge         Conj/Air       19%        N/A       2%          2
 Gell's Gravitas          Tloc           9%         N/A       4%          3
 Lesser Beckoning         Tloc           9%         N/A       4%          3
 Olgreb's Toxic Radiance  Pois           19%        N/A       16%         4
 Passage of Golubria      Tloc           N/A        N/A       16%         4
 Iskenderun's Battlesphe  Conj           19%        2d7       41%         5
 Lightning Bolt           Conj/Air       9%         1d22      41%         5
 Conjure Ball Lightning   Conj/Air       9%         3x3d6     94%         6
 Invisibility             Hex            9%         N/A       94%         6
 Orb of Destruction       Conj           9%         9d4       100%        7
 Ozocubu's Refrigeration  Ice            9%         4d6       100%        7
 Maxwell's Capacitive Co  Air            9%         ∞         100%        8
 Summon Guardian Golem    Hex/Summ       Unusable   N/A       N/A         3
 Alistair's Intoxication  Tmut/Pois      Unusable   N/A       N/A         5
 Fireball                 Conj/Fire      Unusable   3d5       N/A         5
 Yara's Violent Unravell  Hex/Tmut       Unusable   3d4       N/A         5
 Spellforged Servitor     Conj/Summ      Unusable   N/A       N/A         7
 Ignition                 Fire           Unusable   3d3       N/A         8

Dungeon Overview and Level Annotations

Branches:
Dungeon (12/15)            Temple (1/1) D:5            Lair (2/6) D:9
    Orc (2/2) D:11            Elf (0/3) Orc:2       Ossuary (visited)
  Swamp: Lair:2-4    Shoals: Lair:2-4     Snake: Lair:2-4    Spider: Lair:2-4

Altars:
Ashenzari
Cheibriados
Dithmenos
Elyvilon
Fedhas
Gozag
Hepliaklqana
Kikubaaqudgha
Makhleb
Nemelex Xobeh
Okawaru
Qazlal
Ru
Sif Muna
Trog
Uskayaw
Vehumet
Wu Jian
Xom
Yredelemnul
Zin
The Shining One
Jiyva

Shops:
D:7 *[   D:10 *   D:12 *   Orc:1 *

Annotations:
Lair:2 3 runed translucent doors, Froggeryz's ghost, novice FeBe
Orc:2 Azrael


Innate Abilities, Weirdness & Mutations

You have very sharp teeth.
Potions are less effective at restoring your health.
You cannot study or use magical devices.
You cannot study or cast Fire magic.
You cannot study or cast Summoning magic.
You cannot study or cast Transmutations magic.
Your uncanny sense of smell can sniff out nearby items.
Your experience applies equally to all skills.
You tend to lose your temper in combat.
You are clumsy. (Dex -2)
Your muscles are strong. (Str +2)


Message History

Azrael hits you with a +2 scimitar of flaming!
* * * LOW HITPOINT WARNING * * *
Azrael burns you.
* * * LOW HITPOINT WARNING * * *
You focus your inner power and illuminate Azrael in retribution!
A hell hound comes into view.
Press: ? - help, v - describe, . - travel
Here: Azrael, wielding a +2 scimitar of flaming (heavily wounded, softly glowing)
The floor.
You fade into invisibility!
Azrael is stunned by your conviction and fails to attack.
You are very lightly contaminated with residual magic.
You strike the helpless Azrael from behind!
You slash Azrael! You freeze Azrael!
The hell hound barks!
You punch Azrael, but do no damage.
Azrael is severely wounded.
You hear a bark!
Azrael screams, "Burn!
Burn!
All of it must BURN!"
Azrael hits you but does no damage.
You strike the helpless Azrael from behind!
You slash Azrael! You freeze Azrael.
Azrael is severely wounded.
Azrael hits you with a +2 scimitar of flaming.
* * * LOW HITPOINT WARNING * * *
Azrael burns you.
* * * LOW HITPOINT WARNING * * *
You catch the helpless Azrael completely off-guard!
You slash Azrael! You freeze Azrael.
Azrael is almost dead.
The hell hound breathes flames at you. The blast of flame misses you.
Unknown command.
You catch the helpless Azrael completely off-guard!
You hit Azrael but do no damage.
Azrael is almost dead.
Azrael stops glowing.
Azrael gestures at you.
The sphere of damnation explodes!
The damnation engulfs you!!!
You die...

##. ##.### #.. ##....####...
####...........#
##.#..<........##
#...............##
###...............###.
##.........#.......$...
#.........@h○.h............
#..........R...............
####......###.#.○E..........#
#........## #####○.........#.
#........#####..°.E○.....#..
#.....)...#.#...°..☼......#.
##....)))........°..........
##...............○.......$.
#...................##.....


You could see Azrael, 2 fire elementals and 2 hell hounds.

Vanquished Creatures
  Harold (D:8)
  2 hydras
  4 two-headed ogres (D:11)
  A lindwurm (shapeshifter) (D:10)
  2 ugly things
  A cyclops (D:11)
  A manticore (D:11)
  An orc sorcerer (Orc:1)
  A black mamba (Lair:2)
  3 gargoyles
  A kobold demonologist (D:10)
  3 cane toads (Lair:1)
  10 komodo dragons (Lair:2)
  5 trolls
  2 polar bears (Lair:1)
  Prince Ribbit (D:5)
  3 blink frogs (Lair:1)
  20 yaks
  A vampire (D:12)
  2 wyverns
  A wraith (D:11)
  A fire elemental (Orc:2)
  2 basilisks
  2 steam dragons
  2 wargs (Orc:1)
  2 acid dragons
  7 water moccasins
  10 orc warriors
  2 ice beasts
  A sky beast (D:7)
  6 black bears
  3 ogres
  2 necrophages (D:6)
  4 wolves (Lair:1)
  4 centaurs
  A phantom (D:7)
  Blork the orc (D:4)
  A kobold brigand (D:8)
  5 bullfrogs
  A wyvern zombie (D:7)
  4 water moccasin zombies (Ossuary)
  A water moccasin skeleton (D:7)
  10 killer bees
  3 wights
  8 electric eels
  3 howler monkeys
  A bullfrog skeleton (D:6)
  4 centaur zombies
  3 hounds
  16 orc priests
  A gnoll shaman (D:9)
  2 iguanas
  Natasha (thrice) (D:2)
  8 orc wizards
  A hound zombie (D:5)
  2 mummies (Ossuary)
  A howler monkey zombie (D:9)
  7 gnolls
  6 adders
  A howler monkey skeleton (D:6)
  2 white imps
  An ufetubus (D:4)
  7 adder zombies (Ossuary)
  The ghost of fly the Sneak, a weakling HuDe (D:5)
  44 orcs
  2 endoplasms (D:3)
  4 giant cockroaches
  3 gnoll zombies (Ossuary)
  2 goblins (D:3)
  5 hobgoblins
  6 jackals
  6 kobolds
  2 quokkas (D:2)
  5 ball pythons
  A ball python skeleton (D:2)
  5 bats
  7 frilled lizards
  6 hobgoblin zombies (Ossuary)
  3 kobold zombies (Ossuary)
  8 orc zombies (Ossuary)
  6 rats
334 creatures vanquished.

Vanquished Creatures (others)
  A hydra (Lair:2)
  A two-headed ogre (Orc:1)
  5 dancing weapons
  A black bear (D:8)
  An orc warrior (D:8)
  An orc wizard (D:3)
  A gnoll (D:9)
  An orc (D:8)
  8 fungi
  21 plants
41 creatures vanquished.

Grand Total: 375 creatures vanquished

Notes
Turn   | Place    | Note
-------+----------+-------------------------------------------
     0 | D:5      | Reached skill level 9 in Stealth
     0 | D:5      | Lemonice the Gnoll Delver began the quest for the Orb.
     0 | D:5      | Reached XP level 1. HP: 23/23 MP: 1/1
    28 | D:5      | Found a glowing golden altar of the Shining One.
    31 | D:5      | Found a transporter.
    36 | D:5      | Noticed fly's ghost (weakling HuDe)
    47 | D:5      | Found a staircase to the Ecumenical Temple.
    58 | D:5      | Reached XP level 2. HP: 17/29 MP: 2/2
    58 | D:5      | Reached XP level 3. HP: 21/35 MP: 3/3
    73 | Temple   | Entered the Ecumenical Temple
   348 | Temple   | Became a worshipper of Ru the Awakened
   424 | D:5      | Noticed a black bear
   425 | D:5      | Found a bloodstained altar of Trog.
   426 | D:5      | Noticed a black bear
   430 | D:5      | Noticed Prince Ribbit
   485 | D:4      | Reached skill level 1 in Invocations
   573 | D:4      | Reached skill level 1 in Short Blades
   573 | D:4      | Reached skill level 1 in Axes
   573 | D:4      | Reached skill level 1 in Maces & Flails
   573 | D:4      | Reached skill level 1 in Polearms
   573 | D:4      | Reached skill level 1 in Staves
   573 | D:4      | Reached skill level 1 in Slings
   573 | D:4      | Reached skill level 1 in Bows
   573 | D:4      | Reached skill level 1 in Crossbows
   573 | D:4      | Reached skill level 1 in Throwing
   573 | D:4      | Reached skill level 1 in Armour
   573 | D:4      | Reached skill level 1 in Shields
   573 | D:4      | Reached skill level 1 in Unarmed Combat
   573 | D:4      | Reached skill level 1 in Spellcasting
   573 | D:4      | Reached skill level 1 in Evocations
   573 | D:4      | Reached XP level 4. HP: 29/41 MP: 5/5
   659 | D:4      | Found a sand-covered staircase.
   665 | Ossuary  | Entered an ossuary
   700 | Ossuary  | Reached skill level 1 in Conjurations
   700 | Ossuary  | Reached skill level 1 in Hexes
   700 | Ossuary  | Reached skill level 1 in Summonings
   700 | Ossuary  | Reached skill level 1 in Necromancy
   700 | Ossuary  | Reached skill level 1 in Translocations
   700 | Ossuary  | Reached skill level 1 in Transmutations
   700 | Ossuary  | Reached skill level 1 in Fire Magic
   700 | Ossuary  | Reached skill level 1 in Ice Magic
   700 | Ossuary  | Reached skill level 1 in Air Magic
   700 | Ossuary  | Reached skill level 1 in Earth Magic
   700 | Ossuary  | Reached skill level 1 in Poison Magic
   700 | Ossuary  | Reached XP level 5. HP: 17/47 MP: 5/7
  1104 | Ossuary  | Reached XP level 6. HP: 18/53 MP: 8/8
  1384 | Ossuary  | Reached skill level 5 in Long Blades
  1384 | Ossuary  | Reached skill level 5 in Dodging
  1481 | Ossuary  | Gained mutation: You cannot study or cast Fire magic. [Ru
                  | sacrifice]
  1481 | Ossuary  | Gained mutation: You cannot study or cast Transmutations
                  | magic. [Ru sacrifice]
  1481 | Ossuary  | Gained mutation: You cannot study or cast Summoning magic.
                  | [Ru sacrifice]
  1481 | Ossuary  | Reached * piety under Ru
  1748 | D:4      | Noticed Blork the orc
  2265 | D:3      | Found a glowing silver altar of Zin.
  2434 | D:3      | Found a white marble altar of Elyvilon.
  2540 | D:3      | Reached XP level 7. HP: 59/59 MP: 10/10
  2746 | D:3      | Found an opulent altar of Gozag.
  2859 | D:2      | Noticed Natasha
  2885 | D:2      | Killed Natasha
  3197 | D:2      | Noticed Natasha
  3247 | D:2      | Killed Natasha
  3427 | D:2      | Noticed Natasha
  3450 | D:2      | Killed Natasha
  4049 | D:1      | Gained mutation: You cannot study or use magical devices.
                  | [Ru sacrifice]
  4049 | D:1      | Reached ** piety under Ru
  4049 | D:1      | Reached *** piety under Ru
  4422 | D:4      | Killed Blork the orc
  6229 | D:5      | HP: 1/52 [Prince Ribbit (3)]
  6234 | D:5      | Killed Prince Ribbit
  6235 | D:5      | Reached skill level 10 in Stealth
  6235 | D:5      | Reached XP level 8. HP: 30/67 MP: 12/12
  6449 | D:5      | Found a transporter.
  7061 | D:5      | Identified the +5 dire flail "Naumuxol" {venom, Fragile
                  | rElec rF- rN++}
  7524 | D:6      | Learned a level 3 spell: Tukima's Dance
  7645 | D:6      | Reached XP level 9. HP: 19/73 MP: 14/14
  7774 | D:6      | Found a hazy altar of Hepliaklqana.
  8512 | D:7      | Gained mutation: Potions are less effective at restoring
                  | your health. [Ru sacrifice]
  8512 | D:7      | Reached **** piety under Ru
  8533 | D:7      | Found Goudgh's Armour Emporium.
  8680 | D:7      | Found Keurod's General Store.
  8685 | D:7      | Bought 2 scrolls of blinking for 150 gold pieces
  9003 | D:7      | Reached skill level 5 in Invocations
  9385 | D:8      | Identified the +1 scale mail "Ycon" {Harm Int+3}
  9435 | D:8      | Noticed Harold
  9502 | D:8      | Killed Harold
  9503 | D:8      | Reached XP level 10. HP: 62/80 MP: 9/17
  9751 | D:8      | Reached skill level 5 in Short Blades
  9751 | D:8      | Reached skill level 5 in Axes
  9751 | D:8      | Reached skill level 5 in Maces & Flails
  9751 | D:8      | Reached skill level 5 in Polearms
  9751 | D:8      | Reached skill level 5 in Staves
  9751 | D:8      | Reached skill level 5 in Slings
  9751 | D:8      | Reached skill level 5 in Bows
  9751 | D:8      | Reached skill level 5 in Crossbows
  9751 | D:8      | Reached skill level 5 in Throwing
  9751 | D:8      | Reached skill level 5 in Armour
  9751 | D:8      | Reached skill level 5 in Shields
  9751 | D:8      | Reached skill level 5 in Unarmed Combat
  9751 | D:8      | Reached skill level 5 in Spellcasting
 10309 | D:8      | Identified the +7 ring mail of Sehimia {Contam rPois rCorr}
 10453 | D:9      | Found a staircase to the Lair.
 10682 | D:9      | Noticed a brown ugly thing
 10722 | D:9      | Killed a brown ugly thing
 10813 | D:9      | Found an ancient bone altar of Kikubaaqudgha.
 10840 | D:9      | Found a shimmering altar of Xom.
 11086 | D:10     | Entered Level 10 of the Dungeon
 11103 | D:10     | Noticed a mana viper
 11106 | D:10     | Noticed a torpor snail
 11106 | D:10     | a mana viper changed into a torpor snail
 11107 | D:10     | Noticed a mana viper
 11107 | D:10     | a torpor snail changed into a mana viper
 11108 | D:10     | Noticed a glowing shapeshifter
 11108 | D:10     | a mana viper changed into a glowing shapeshifter
 11109 | D:10     | Noticed a water nymph
 11109 | D:10     | a glowing shapeshifter changed into a water nymph
 11116 | D:9      | Reached skill level 11 in Stealth
 11117 | D:10     | Noticed a cyclops
 11148 | D:10     | Noticed a gargoyle
 11184 | D:10     | Killed a gargoyle
 11259 | D:10     | Noticed a kobold demonologist
 11311 | D:10     | Learned a level 3 spell: Teleport Other
 11523 | D:10     | Found a radiant altar of Vehumet.
 11560 | D:10     | Found Girchos's General Store.
 11563 | D:10     | Bought a scroll of amnesia for 52 gold pieces
 11563 | D:10     | Bought a scroll of enchant weapon for 112 gold pieces
 11563 | D:10     | Bought a scroll of identify for 30 gold pieces
 11572 | D:10     | Identified 2 scrolls of acquirement
 11573 | D:10     | Acquired a book of Lightning
 11574 | D:10     | Acquired a +2 demon blade of freezing
 11617 | D:10     | Killed a kobold demonologist
 11618 | D:10     | Reached XP level 11. HP: 86/87 MP: 19/19
 12049 | D:10     | Noticed a goliath frog
 12051 | D:10     | Noticed a great orb of eyes
 12051 | D:10     | a goliath frog changed into a great orb of eyes
 12064 | D:10     | Noticed a great orb of eyes
 12064 | D:10     | a torpor snail changed into a great orb of eyes
 12065 | D:10     | Noticed a spark wasp
 12065 | D:10     | a great orb of eyes changed into a spark wasp
 12070 | D:10     | Noticed a two-headed ogre
 12070 | D:10     | a spark wasp changed into a two-headed ogre
 12072 | D:10     | Noticed a lindwurm
 12072 | D:10     | a two-headed ogre changed into a lindwurm
 12074 | D:10     | Killed a lindwurm
 12303 | D:10     | Identified the +4 chain mail "Rimak" {Dex+2}
 12307 | D:10     | Identified the +9 long sword of Callousness {drain, Contam
                  | rPois Str+2 Dex+3}
 12352 | Lair:1   | Entered Level 1 of the Lair of Beasts
 12396 | Lair:1   | Reached skill level 5 in Conjurations
 12396 | Lair:1   | Reached skill level 5 in Hexes
 12396 | Lair:1   | Reached skill level 5 in Necromancy
 12396 | Lair:1   | Reached skill level 5 in Translocations
 12396 | Lair:1   | Reached skill level 5 in Ice Magic
 12396 | Lair:1   | Reached skill level 5 in Air Magic
 12396 | Lair:1   | Reached skill level 5 in Earth Magic
 12396 | Lair:1   | Reached skill level 5 in Poison Magic
 12459 | Lair:1   | Noticed a five-headed hydra
 12479 | Lair:1   | Killed a five-headed hydra
 12812 | Lair:1   | Acquired a +1 hat of willpower
 13126 | Lair:1   | Reached XP level 12. HP: 95/96 MP: 22/22
 13392 | Lair:2   | Found a runed translucent gate.
 13392 | Lair:2   | Found a runed translucent gate.
 13392 | Lair:2   | Found a runed translucent gate.
 13393 | Lair:2   | Noticed a quicksilver ooze
 13400 | Lair:2   | Found a glowing golden altar of the Shining One.
 13679 | Lair:2   | Noticed Froggeryz's ghost (novice FeBe)
 13817 | Lair:2   | Noticed a five-headed hydra
 13822 | Lair:2   | Gained mutation: You are dopey. (Int -2) [mutagenic glow]
 13836 | Lair:2   | Killed a five-headed hydra
 14056 | Lair:2   | Noticed a five-headed hydra
 14065 | Lair:2   | Killed a five-headed hydra
 14065 | Lair:2   | Gained mutation: Armour fits poorly on your strangely
                  | shaped body. [mutagenic glow]
 14067 | Lair:2   | Lost mutation: Armour fits poorly on your strangely shaped
                  | body. [potion of mutation]
 14067 | Lair:2   | Lost mutation: You are dopey. (Int -2) [potion of mutation]
 14067 | Lair:2   | Gained mutation: You are clumsy. (Dex -2) [potion of
                  | mutation]
 14067 | Lair:2   | Gained mutation: You tend to lose your temper in combat.
                  | [potion of mutation]
 14067 | Lair:2   | Gained mutation: Your muscles are strong. (Str +2) [potion
                  | of mutation]
 14267 | Lair:2   | Found a viscous altar of Jiyva.
 14470 | D:5      | Killed fly's ghost
 14649 | D:11     | Identified the ring "Roukh" {rCorr Dex+6 SInv}
 14902 | D:11     | Noticed a two-headed ogre
 14908 | D:11     | Killed a two-headed ogre
 14909 | D:11     | Reached skill level 10 in Fighting
 15013 | D:11     | Noticed a two-headed ogre
 15026 | D:11     | Killed a two-headed ogre
 15084 | D:11     | Noticed a two-headed ogre
 15135 | D:11     | Killed a two-headed ogre
 15136 | D:11     | Reached skill level 12 in Stealth
 15336 | D:11     | Found a staircase to the Orcish Mines.
 15388 | D:11     | Noticed a two-headed ogre
 15402 | D:11     | Killed a two-headed ogre
 15482 | D:11     | Reached XP level 13. HP: 103/103 MP: 24/24
 16482 | D:12     | Found Retusitots's Assorted Antiques.
 17049 | Orc:1    | Entered Level 1 of the Orcish Mines
 17423 | Orc:1    | Found Raeff's Assorted Antiques.
 17437 | Orc:1    | Bought a scroll of identify for 74 gold pieces
 17716 | Orc:2    | Entered Level 2 of the Orcish Mines
 17771 | Orc:2    | Noticed Azrael
 17779 | Orc:2    | Found a staircase to the Elven Halls.
 17803 | Orc:2    | HP: 5/104 [Azrael/fireball (46)]
 17812 | Orc:2    | Killed from afar by Azrael

Illustrated notes

Levels and vault maps discovered:
D:1:      dpeg_arrival_radiant, layout_basic
D:2:      layout_rooms, kennysheep_generic_room_6, uniq_natasha
D:3:      layout_loops_ring, pdpol_temple_overflow_zin_treasury_gozag_greed,
          mainiacjoe_overflow_catwalk, minmay_starry_boxes
D:4:      minmay_evil_eye, layout_layer_cave, nicolae_ossuary_entry_plus,
          uniq_blork_the_orc
D:5:      layout_basic, general_overflow_altar, trog_ov_bears_minmay,
          minmay_temple_entry_overgrown, gammafunk_ghost_smash,
          uniq_prince_ribbit1
D:6:      layout_basic, worldfamousw_hep_ancestral_shrine
D:7:      layout_basic, serial_shops, kennysheep_little_box, shop,
          kennysheep_opposing_triangles
D:8:      layout_loops_ring, uniq_harold
D:9:      layout_cave_pools, mainiacjoe_overflow_two_lobes, lair_entry_dummy
D:10:     layout_loops_ring, mainiacjoe_overflow_boulevard, serial_shops,
          nicolae_shop_behind_doors, kennysheep_island_fort
D:11:     layout_roguey, orc_0_dummy
D:12:     layout_basic, serial_shops, kennysheep_mini_moat
Temple:   nicolae_temple_figure_eight
Lair:1:   layout_cave_pods, serial_bayou_lake_a, infiniplex_staircase_pool
Lair:2:   layout_gridlike, basic_altar, gammafunk_ghost_ooze, minmay_holes,
          beast_lair_carwin_8, serial_bayou_shore_a, lemuel_fruit_tree
Orc:1:    layout_caves, serial_shops, shop
Orc:2:    st_orc_open, layout_diamond_mine, serial_shops,
          nicolae_shop_behind_doors, uniq_azrael

Skill      XL: |  1  2  3  4  5  6  7  8  9 10 11 12 13 |
---------------+----------------------------------------+-----
Stealth        | 10 11 12 | 12.2
Invocations    | 1 2 3 4 5 6 7 8 |  8.9
Short Blades   | 1 2 3 4 5 6 7 8 |  8.1
Axes           | 1 2 3 4 5 6 7 8 |  8.1
Maces & Flails | 1 2 3 4 5 6 7 8 |  8.1
Polearms       | 1 2 3 4 5 6 7 8 |  8.1
Staves         | 1 2 3 4 5 6 7 8 |  8.1
Slings         | 1 2 3 4 5 6 7 8 |  8.1
Bows           | 1 2 3 4 5 6 7 8 |  8.1
Crossbows      | 1 2 3 4 5 6 7 8 |  8.1
Throwing       | 1 2 3 4 5 6 7 8 |  8.1
Armour         | 1 2 3 4 5 6 7 8 |  8.1
Shields        | 1 2 3 4 5 6 7 8 |  8.1
Unarmed Combat | 1 2 3 4 5 6 7 8 |  8.1
Spellcasting   | 1 2 3 4 5 6 7 8 |  8.1
Evocations     | 1 2 0 |  0.0
Conjurations   | 1 2 3 4 5 6 |  6.7
Hexes          | 1 2 3 4 5 6 |  6.7
Summonings     | 1 0 |  0.0
Necromancy     | 1 2 3 4 5 6 |  6.7
Translocations | 1 2 3 4 5 6 |  6.7
Transmutations | 1 0 |  0.0
Fire Magic     | 1 0 |  0.0
Ice Magic      | 1 2 3 4 5 6 |  6.7
Air Magic      | 1 2 3 4 5 6 |  6.7
Earth Magic    | 1 2 3 4 5 6 |  6.7
Poison Magic   | 1 2 3 4 5 6 |  6.7
Long Blades    | 5 6 7 8 9 |  9.3
Dodging        | 5 6 7 8 9 |  9.3
Fighting       | 7 8 9 10 | 10.4

Action                   |  1- 3 |  4- 6 |  7- 9 | 10-12 | 13-15 || total
-------------------------+-------+-------+-------+-------+-------++-------
Melee: Falchion          |    30 |   256 |   453 |       |       ||   739
       Bite              |     3 |    37 |    91 |   108 |    21 ||   260
       Punch             |       |     2 |     9 |    24 |     6 ||    41
       Trident           |       |       |   126 |   261 |       ||   387
       Demon blade       |       |       |       |   109 |   131 ||   240
       Long sword        |       |       |       |   182 |       ||   182
 Cast: Tukima's Dance    |       |       |     6 |    20 |     7 ||    33
Invok: Sacrifice Arcana  |       |     1 |       |       |       ||     1
       Draw Out Power    |       |       |     4 |     1 |     1 ||     6
       Sacrifice Artific |       |       |     1 |       |       ||     1
       Sacrifice Purity  |       |       |     1 |       |       ||     1
       Power Leap        |       |       |       |     5 |     2 ||     7
       Reject Sacrifices |       |       |       |     1 |     1 ||     2
Evoke: Wand              |       |       |     1 |       |       ||     1
  Use: Scroll            |     1 |       |       |    15 |     3 ||    19
       Potion            |       |     1 |    11 |     4 |     1 ||    17
 Stab: Sleeping          |     2 |     4 |    20 |    15 |     2 ||    43
       Invisible         |       |       |     8 |     9 |     4 ||    21
       Distracted        |       |       |     3 |     3 |       ||     6
       Paralysed         |       |       |       |     1 |       ||     1
       Petrified         |       |       |       |     2 |       ||     2
Armor: Leather armour    |     2 |    50 |    80 |       |       ||   132
       Steam dragon scal |       |       |     1 |    45 |       ||    46
       Ring mail         |       |       |       |   130 |    46 ||   176
Dodge: Dodged            |    31 |   166 |   425 |   396 |    87 ||  1105
       Rpst.: Falchion   |    10 |    53 |    96 |       |       ||   159
       Demon blade       |       |       |       |    15 |    31 ||    46
       Long sword        |       |       |       |    51 |       ||    51

Table legend: (Time is in decaauts)
 A = Elapsed time spent in this place.
 B = Non-inter-level travel time spent in this place.
 C = Inter-level travel time spent in this place.
 D = Time resting spent in this place.
 E = Time spent auto-exploring this place.
 F = Levels seen in this place.
 G = Mean time per level.
                   A        B        C        D        E       F      G
               +--------+--------+--------+--------+--------+-----+--------+
         Total |  17861 |  16439 |   1422 |      0 |  11852 |  18 |  992.3 |
       Dungeon |  13772 |  12436 |   1336 |      0 |   9015 |  12 | 1147.7 |
        Temple |    344 |    344 |      0 |      0 |    323 |   1 |  344.0 |
          Lair |   2028 |   1953 |     75 |      0 |   1337 |   2 | 1014.0 |
  Orcish Mines |    718 |    708 |     10 |      0 |    497 |   2 |  359.0 |
       Ossuary |    996 |    996 |      0 |      0 |    679 |   1 |  996.0 |
               +--------+--------+--------+--------+--------+-----+--------+

Top non-repeatable levels by time:
     D:4: 2077 daAuts
     D:5: 1277 daAuts
     D:6: 1268 daAuts
    D:10: 1221 daAuts
     D:8: 1213 daAuts
     D:3: 1113 daAuts
     D:7: 1101 daAuts
  Lair:1: 1091 daAuts
    D:11: 1047 daAuts
     D:2: 1009 daAuts
 Ossuary: 996 daAuts
  Lair:2: 937 daAuts
    D:12: 929 daAuts
     D:9: 877 daAuts
     D:1: 636 daAuts
